 Dungeon Crawl Stone Soup version 0.29.1-12-g30fa7ad0bf (webtiles) character file.

Game seed: 1466912512866332786

1241 fantasyman the Fighter (level 8, -1/68 HPs)
             Began as a Formicid Fighter on Dec 30, 2022.
             Killed from afar by Maggie (45 damage)
             ... with a bolt of fire
             ... on level 6 of the Dungeon.
             The game lasted 00:10:38 (6222 turns).

fantasyman the Fighter (Formicid Fighter)           Turns: 6222, Time: 00:10:39

Health: -1/68      AC: 11    Str: 22 (24) XL:     8   Next: 78%
Magic:  8/8        EV:  7    Int:  4 (7)  God:
Gold:   253        SH: 12    Dex: 26 (27) Spells: 7/7 levels left

rFire   . . .      SeeInvis +   a - +1 long sword
rCold   . . .      Faith    .   c - +1 buckler
rNeg    . . .      Spirit   .   g - +1 chain mail of Grot {Harm *Slow rElec Dex+8}
rPois   .          Reflect  .   (helmet unavailable)
rElec   +          Harm     +   (no cloak)
rCorr   .          Rampage  .   (no gloves)
Will    +....                   (no boots)
Stlth   ..........              (no amulet)
HPRegen 0.21/turn               m - +6 ring of dexterity
MPRegen 0.11/turn               e - ring of willpower

@: mighty, mesmerised
A: permanent stasis, dig shafts and tunnels, antennae 3, four strong arms, large
bone plates 1, deterioration 1
a: Dig, Shaft Self


You were on level 6 of the Dungeon.
You visited 1 branch of the dungeon, and saw 6 of its levels.

You collected 253 gold pieces.

Inventory:

Hand Weapons
 a - a +1 long sword (weapon)
Armour
 c - a +1 buckler (worn)
 g - the +1 chain mail of Grot (worn) {Harm *Slow rElec Dex+8}
   (You found it on level 4 of the Dungeon)

   Dex:       It affects your dexterity (+8).
   rElec:     It insulates you from electricity.
   *Slow:     It may slow you when you take damage.
   Harm:      It increases damage dealt and taken.
Jewellery
 e - a ring of willpower (right hand)
 k - a ring of ice
 m - a +6 ring of dexterity (left hand)
 p - a ring of wizardry
Potions
 f - 2 potions of flight
 l - 5 potions of heal wounds
 o - 2 potions of curing
 q - a potion of brilliance


   Skills:
 * Level 8.1 Fighting
 - Level 4.1 Long Blades
 + Level 6.1 Armour
 + Level 6.7 Shields


You had 7 spell levels left.
You didn't know any spells.
Your spell library contained the following spells:

 Spells                   Type           Power      Damage    Failure   Level
 Ozocubu's Armour         Ice            0%         N/A       100%        3
 Portal Projectile        Hex/Tloc       0%         N/A       100%        3
 Tukima's Dance           Hex            0%         N/A       100%        3
 Blade Hands              Tmut           0%         N/A       100%        5
 Ozocubu's Refrigeration  Ice            0%         4d7       100%        7


Dungeon Overview and Level Annotations

Branches:
Dungeon (6/15)             Temple (0/1) D:6

Altars:

Shops:
D:5 [*

Annotations:
D:5 3 runed translucent doors, styxcanada's ghost, amateur SpBr
D:6 Maggie


Innate Abilities, Weirdness & Mutations

You cannot be hasted, slowed, berserked, paralysed or teleported.
You can dig through walls and to a lower floor.
You have a pair of large antennae on your head. (SInv)
Your four strong arms can wield two-handed weapons with a shield.
You are partially covered in large bone plates. (SH +4)
Your body sometimes deteriorates upon taking damage.


Message History

You feel clever all of a sudden.
You start waiting.
You feel less invigorated.
You feel less confused.
You start waiting.
Styxcanada's ghost wails.
You feel less attractive to monsters.
You start waiting.
You feel a little less clever now.
You feel very mighty all of a sudden.
You climb downwards.
Level annotation: Maggie An orc comes into view.
It is wielding a +0 war axe.
There is a stone staircase leading up here.
Found 2 potions of curing.
Maggie drinks a potion.
Maggie's spells are empowered!
Maggie says, "Fear not.
I will immortalize you in the tale of my first kill."
Maggie points at you and mumbles some strange words.
The bolt of fire hits you!
A scorpion comes into view.
You slash Maggie!
Maggie is lightly wounded.
You block the orc's attack.
Maggie casts a spell.
Maggie attempts to bespell you!
You are mesmerised by Maggie!
You slice Maggie!!
Maggie is severely wounded.
The orc hits you with a +0 war axe. You block Maggie's attack.
A centaur comes into view.
Maggie hits you with a +2 glaive of distortion.
The orc closely misses you.
The centaur shouts!
You hit Maggie.
Maggie is severely wounded.
The orc hits you with a +0 war axe. Maggie gestures at you while chanting.
The bolt of fire hits you!!!
Ouch! That really hurt!
You die...

# #. #.#. .# .#.
.. ..## .. ..#
#### #.#. #.#
...#
#....#.##...#.##
#@@.<......#
..>...o.........#
..c.##...........
... .s#..........
. #.!.......#...
..#....[.....##
.....#######...
..... ...


You could see Maggie (mesmerising, empowered), a centaur, a scorpion and an orc.

Vanquished Creatures
  Edmund (D:4)
  An ogre (D:4)
  4 phantoms
  A water moccasin zombie (D:4)
  A howler monkey (D:4)
  A centaur zombie (D:4)
  A bullfrog zombie (D:4)
  5 hounds
  A jelly (D:4)
  Jessica (D:3)
  A scorpion zombie (D:4)
  5 iguanas
  A hound zombie (D:4)
  A hound skeleton (D:4)
  A howler monkey skeleton (D:4)
  7 adders
  A shadow imp (D:5)
  2 ufetubi (D:5)
  2 adder skeletons (D:4)
  3 worms
  2 dart slugs (D:2)
  2 orcs (D:5)
  7 endoplasms
  6 giant cockroaches
  11 goblins
  5 hobgoblins
  6 jackals (D:1)
  3 kobolds
  4 quokkas
  10 ball pythons
  3 bats
  6 frilled lizards
  7 rats
113 creatures vanquished.

Notes
Turn   | Place    | Note
-------+----------+-------------------------------------------
     0 | D:1      | fantasyman the Formicid Fighter began the quest for the
                  | Orb.
     0 | D:1      | Reached XP level 1. HP: 18/18 MP: 1/1
    61 | D:1      | Reached XP level 2. HP: 24/24 MP: 2/2
   367 | D:1      | Reached XP level 3. HP: 29/29 MP: 3/3
  1185 | D:2      | Reached XP level 4. HP: 34/37 MP: 4/4
  1741 | D:2      | Reached skill level 4 in Fighting
  1741 | D:2      | Reached XP level 5. HP: 42/42 MP: 5/5
  2545 | D:3      | Reached XP level 6. HP: 7/48 MP: 6/6
  3032 | D:3      | Found a faded altar of an unknown god.
  3215 | D:3      | Noticed Jessica
  3222 | D:3      | Killed Jessica
  3512 | D:4      | Noticed an ogre
  3525 | D:4      | Gained mutation: You are partially covered in large bone
                  | plates. (SH +4) [potion of mutation]
  3525 | D:4      | Gained mutation: Your body sometimes deteriorates upon
                  | taking damage. [potion of mutation]
  3535 | D:4      | Killed an ogre
  3536 | D:4      | Reached skill level 5 in Fighting
  4326 | D:4      | Reached XP level 7. HP: 52/57 MP: 7/7
  4362 | D:4      | Reached skill level 6 in Fighting
  4493 | D:4      | Reached skill level 5 in Armour
  4500 | D:4      | Identified the +1 chain mail of Grot {Harm *Slow rElec
                  | Dex+8}
  4544 | D:4      | Reached skill level 5 in Shields
  4829 | D:4      | Reached XP level 8. HP: 62/65 MP: 8/8
  4869 | D:4      | Reached skill level 7 in Fighting
  4950 | D:4      | Noticed Edmund
  4969 | D:4      | Killed Edmund
  5155 | D:5      | Entered Level 5 of the Dungeon
  5701 | D:5      | Found a runed translucent gate.
  5701 | D:5      | Found a runed translucent gate.
  5701 | D:5      | Found a runed translucent gate.
  5701 | D:5      | Noticed styxcanada's ghost (amateur SpBr)
  5747 | D:5      | Found Jeiskos's General Store.
  5776 | D:5      | Reached skill level 8 in Fighting
  6090 | D:5      | Found Bemyririsk's Antique Armour Shop.
  6165 | D:6      | Noticed Maggie
  6165 | D:6      | Found a staircase to the Ecumenical Temple.
  6222 | D:6      | Killed from afar by Maggie

Illustrated notes

Levels and vault maps discovered:
D:1:      lightli_arrival_boilingwater, layout_loops_ring
D:2:      layout_loops_cross, corner_web_ring, minmay_puff
D:3:      layout_basic, chequers_ecumenical_altar_twisty, uniq_jessica
D:4:      layout_loops_ring, serial_undead, serial_undead_c, serial_undead_d,
          serial_undead_e, serial_undead_d, serial_undead_c, serial_undead_b,
          serial_undead_e, uniq_edmund
D:5:      layout_rooms, gammafunk_ghost_necromancy, serial_shops, shop_statue,
          nicolae_lakefront_shop
D:6:      layout_loops_cross, nicolae_overflow_squiral,
          minmay_temple_entry_mini_moons, st_stairs_1, uniq_maggie, uniq_duvessa

Skill      XL: |  1  2  3  4  5  6  7  8 |
---------------+-------------------------+-----
Armour         | 4 5 6 |  6.1
Long Blades    | 3 4 |  4.1
Fighting       | 4 5 6 8 |  8.1
Shields        | 5 6 |  6.7

Action                   |  1- 3 |  4- 6 |  7- 9 || total
-------------------------+-------+-------+-------++-------
Melee: Long sword        |    86 |   225 |   153 ||   464
 Abil: Dig               |     4 |     8 |     3 ||    15
  Use: Scroll            |       |     8 |     4 ||    12
       Potion            |       |     1 |     6 ||     7
Armor: Scale mail        |    52 |   108 |    33 ||   193
       Chain mail        |       |       |    43 ||    43
Dodge: Dodged            |    38 |   125 |    58 ||   221
Block: Buckler           |    18 |    69 |   107 ||   194
